[Event "XXXI Torre Memorial 2019"]
[Site "Merida"]
[Date "2019.12.18"]
[Round "9.16"]
[White "Elias Reyes, Jorge Roberto"]
[Black "Fernandez Mayola, Reynold Rafael"]
[Result "1-0"]
[ECO "C78"]
[WhiteElo "2379"]
[BlackElo "2328"]
[Annotator "NA"]
[PlyCount "107"]
[EventDate "2019.12.13"]
[EventType "swiss"]
[EventCountry "MEX"]
[SourceTitle "playchess.com"]
[Source "ChessBase"]
[SourceQuality "1"]
[TimeControl "5400+30"]

1. e4 e5 2. Nf3 Nc6 3. Bb5 a6 4. Ba4 Nf6 5. O-O b5 6. Bb3 Bb7 7. d3 Bd6 8. a3 O-O 9. Bg5 h6 10. Bh4 Be7 11. Nc3 d6 12. Bxf6 Bxf6 13. a4 Na5 14. axb5 Nxb3 15. cxb3 axb5 16. Rxa8 Qxa8 17. Nxb5 Qa5 18. Na3 d5 19. Qc2 Qb4 20. Nd2 c6 21. Qc3 Qb6 22. Nf3 Ba6 23. Rc1 d4 24. Qc2 Rb8 25. Nd2 Bg5 26. Nac4 Bxc4 27. Nxc4 Qxb3 28. Qxb3 Rxb3 29. Rd1 Be7 30. Nxe5 Rxb2 31. Nxc6 Bc5 32. Ne5 Bb4 33. Nc4 Ra2 34. Rb1 Bc3 35. g3 Ra6 36. Rb8+ Kh7 37. Rb7 f6 38. h4 Ra1+ 39. Kg2 Rd1 40. Nd6 Rxd3 41. Nf5 Rd1 42. Rxg7+ Kh8 43. Rd7 h5 44. Rd6 Kg8 45. Rxf6 d3 46. Rd6 d2 47. Ne3 Re1 48. Rd3 Kf7 49. Rd5 Kg6 50. Kf3 Kf6 51. e5+ Ke6 52. Rd6+ Kxe5 53. Nc4+ Kf5 54. Nxd2 1-0

[Event "XXXI Torre Memorial 2019"]
[Site "Merida"]
[Date "2019.12.18"]
[Round "9.17"]
[White "Ordaz Valdes, Lisandra Teresa"]
[Black "Noboa Silva, Kevin"]
[Result "1/2-1/2"]
[ECO "A40"]
[WhiteElo "2376"]
[BlackElo "2306"]
[Annotator "NA"]
[PlyCount "51"]
[EventDate "2019.12.13"]
[EventType "swiss"]
[EventCountry "MEX"]
[SourceTitle "playchess.com"]
[Source "ChessBase"]
[SourceQuality "1"]
[TimeControl "5400+30"]

1. d4 e6 2. c4 d5 3. Nf3 c5 4. e3 Nc6 5. a3 cxd4 6. exd4 Nf6 7. Nc3 Be7 8. Bd3 dxc4 9. Bxc4 O-O 10. O-O b6 11. d5 Na5 12. Ba2 exd5 13. Nxd5 Nxd5 14. Bxd5 Bb7 15. Bxb7 Nxb7 16. Be3 Bf6 17. Qe2 Qe7 18. Rac1 Rfd8 19. Rfd1 Nc5 20. Qc2 Ne6 21. b4 Rxd1+ 22. Rxd1 Qb7 23. Rc1 Rd8 24. h3 h6 25. a4 Qd5 26. Qc4 1/2-1/2

[Event "XXXI Torre Memorial 2019"]
[Site "Merida"]
[Date "2019.12.18"]
[Round "9.18"]
[White "Cu Hor, Winston Darwin"]
[Black "Drazic, Sinisa"]
[Result "0-1"]
[ECO "A37"]
[WhiteElo "2307"]
[BlackElo "2371"]
[Annotator "ChessBase"]
[PlyCount "142"]
[EventDate "2019.12.13"]
[EventType "swiss"]
[EventCountry "MEX"]
[SourceTitle "playchess.com"]
[Source "ChessBase"]
[SourceQuality "1"]
[TimeControl "5400+30"]

1. Nf3 g6 2. c4 Bg7 3. Nc3 c5 4. g3 Nc6 5. Bg2 e5 6. d3 Nge7 7. Nd2 d6 8. Nf1 O-O 9. Ne3 Rb8 10. O-O a6 11. b3 b5 12. Bb2 Be6 13. Ned5 Qd7 14. e3 f5 15. Qd2 Bf7 16. f4 bxc4 17. dxc4 e4 18. Nxe4 Nxd5 19. Bxg7 Kxg7 20. cxd5 fxe4 21. dxc6 Qxc6 22. f5 d5 23. Rac1 Kg8 24. Qc3 Rbc8 25. Bh3 g5 26. f6 Rc7 27. Qe5 h6 28. Rf5 Kh8 29. Rf2 Qb6 30. Bf1 Re8 31. Qf5 Qe6 32. h4 Qxf5 33. Rxf5 gxh4 34. gxh4 Rc6 35. Be2 Rec8 36. Kf2 c4 37. bxc4 dxc4 38. Rc3 Rc5 39. Rf4 Re5 40. Bg4 Rc6 41. Ke1 h5 42. Bh3 Kg8 43. Bg2 Bd5 44. Bf1 Kf7 45. Be2 Kg6 46. Kd2 Rd6 47. Rc1 Rxf6 48. Bxc4 Bxc4 49. Rxc4 Rd5+ 50. Ke2 Rxf4 51. exf4 Kf5 52. Ra4 Rd6 53. Ke3 Rd3+ 54. Ke2 Rh3 55. Rxa6 Rxh4 56. a4 Rh2+ 57. Ke3 Rh3+ 58. Ke2 h4 59. Ra8 Ra3 60. Rh8 h3 61. Kf2 Rf3+ 62. Ke2 Kxf4 63. Rf8+ Kg3 64. Rg8+ Kh2 65. Rg4 Rg3 66. Rf4 Ra3 67. Rxe4 Kg2 68. Rg4+ Rg3 69. Rf4 h2 70. Rf2+ Kh3 71. Rf8 h1=Q 0-1